 Dungeon Crawl Stone Soup version 0.17.1-3-g152610e (webtiles) character file.

753 manyhoops the Chopper (level 7, -2/82 HPs)
             Began as a Demonspawn Gladiator on Apr 23, 2016.
             Slain by an orc warrior
             ... wielding a +0 dire flail
              (11 damage)
             ... on level 5 of the Dungeon.
             The game lasted 00:09:12 (2941 turns).

manyhoops the Chopper (Demonspawn Gladiator)        Turns: 2941, Time: 00:09:12

Health: -2/82      AC: 25    Str: 17    XL:     7   Next: 49%
Magic:  7/7        EV:  2    Int:  9    God:
Gold:   195        SH:  0    Dex: 14    Spells: 0 memorised, 6 levels left

rFire  . . .     SeeInvis .     a - +1 war axe
rCold  . . .     Clarity  .     (armour currently unavailable)
rNeg   + + +     SustAt   .     (no shield)
rPois  +         Gourm    .     (helmet currently unavailable)
rElec  .         Spirit   .     (cloak currently unavailable)
rCorr  .         Warding  .     (gloves currently unavailable)
rMut   .         NoTele   +     (boots currently unavailable)
MR     .....                    (no amulet)
Stlth  +.........               k - ring of flight
                                h - +2 ring of protection

@: tree-form, not resistant to hostile enchantments, very unstealthy
A: (molten scales 0), demonic guardian 1, (spiny 0), evolution 1
a: no special abilities


You were on level 5 of the Dungeon.
You were hungry.
You were a tree.
You visited 1 branch of the dungeon, and saw 5 of its levels.
You also visited: Ossuary.

You collected 195 gold pieces.

Inventory:

Hand Weapons
 a - a +1 war axe (weapon)
Missiles
 d - 3 throwing nets (quivered)
Armour
 b - a +0 leather armour
 c - a +0 helmet (melded)
 q - a +0 ring mail (melded)
Jewellery
 h - a +2 ring of protection (left branch)
 k - a ring of flight (right branch)
Wands
 v - a wand of confusion (29)
Scrolls
 g - 2 scrolls of immolation
 j - a scroll of enchant weapon
 l - 2 scrolls of teleportation
 n - a scroll of fear
 s - a scroll of enchant armour {unknown}
 t - a scroll of remove curse {unknown}
 y - a scroll of random uselessness {unknown}
 B - a scroll of blinking
Potions
 f - 3 potions of lignification
 m - 2 potions of heal wounds
 o - 2 potions of degeneration
 p - a potion of poison {unknown}
 u - 2 potions of berserk rage
 x - 2 potions of might
 z - a potion of brilliance {unknown}
 A - 2 potions of mutation
 C - 2 potions of curing
Books
 w - a book of Minor Magic

   Spells                             Type                      Level
   a - Magic Dart                     Conjuration                  1
   b - Blink                          Translocation                2
   c - Call Imp                       Summoning                    2
   d - Repel Missiles                 Charms/Air                   2
   e - Slow                           Hexes                        2
   f - Conjure Flame                  Conjuration/Fire             3
   g - Mephitic Cloud                 Conjuration/Poison/Air       3
Comestibles
 e - 3 bread rations
 i - a slice of pizza
 r - a meat ration


   Skills:
 + Level 4.8 Fighting
 + Level 5.5 Axes
 + Level 2.2 Throwing
 + Level 3.6 Armour
 - Level 2.6 Dodging


You had 6 spell levels left.
You didn't know any spells.

Dungeon Overview and Level Annotations

Branches:
Dungeon (5/15)
 Temple: D:4-7

Altars:
Gozag
Makhleb
Xom

Annotations:
D:3 Sigmund


Innate Abilities, Weirdness & Mutations

((You are partially covered in molten scales (AC +1).))
A weak demonic guardian rushes to your aid.
((You are mostly covered in sharp spines.))
You evolve.


Message History

The orc priest miscasts a cantrip.
The orc warrior closely misses you.
You hit the orc warrior but do no damage.
The orc warrior is lightly wounded.
The orc priest mumbles some strange prayers to Beogh against you.
Something smites you!
The orc warrior is struck by your spines.
The orc warrior hits you with a dire flail!
* * * LOW HITPOINT WARNING * * *
You turn into a tree.
Your +0 helmet melds into your body.
Your +0 ring mail melds into your body.
Your roots penetrate the ground.
You barely miss the orc warrior.
The orc warrior is moderately wounded.
The orc warrior hits you but does no damage.
The orc warrior hits you with a dire flail!
* * * LOW HITPOINT WARNING * * *
You slash the orc warrior!
The orc warrior is severely wounded.
The orc warrior hits you with a dire flail!
You die...

### ##.## ###...### ####
#.......#
###...########.......######
.......oooo♣5...........<..
#.......#########...######
#.......# ##......#
#..o....# ##..##.# ##
##......# ##.##.###.
#....... #......#.
#.......# ####.....
#.......# .##.....##.
o.......# ........##.


You could see an orc warrior, an orc priest, 2 orcs and a friendly ufetubus.

Vanquished Creatures
  An ogre (D:4)
  4 water moccasin zombies (Ossuary)
  5 crimson imps
  A centaur skeleton (D:4)
  A worker ant (D:4)
  Terence (D:3)
  A big kobold zombie (Ossuary)
  A hound skeleton (D:4)
  2 mummies (Ossuary)
  4 adders
  7 adder zombies (Ossuary)
  4 worms (D:2)
  2 giant geckos (D:1)
  4 orcs
  A giant cockroach (D:3)
  4 gnoll zombies (Ossuary)
  6 hobgoblins
  3 quokkas (D:3)
  2 ball pythons
  5 bats
  6 giant newts
  5 goblins
  3 hobgoblin zombies (Ossuary)
  10 kobolds
  2 kobold zombies (Ossuary)
  5 orc zombies (Ossuary)
  A quokka zombie (D:5)
  3 rats
94 creatures vanquished.

Notes
Turn   | Place    | Note
--------------------------------------------------------------
     0 | D:1      | manyhoops the Demonspawn Gladiator began the quest for the Orb.
     0 | D:1      | Reached XP level 1. HP: 16/16 MP: 1/1
   328 | D:1      | Reached skill level 3 in Axes
   401 | D:1      | Gained mutation: You are partially covered in sharp spines. [demonic ancestry]
   401 | D:1      | Reached XP level 2. HP: 22/22 MP: 2/2
   902 | D:2      | Gained mutation: You are mostly covered in sharp spines. [demonic ancestry]
   902 | D:2      | Reached XP level 3. HP: 28/28 MP: 3/3
  1405 | D:3      | Reached skill level 1 in Armour
  1423 | D:3      | Noticed Terence
  1427 | D:3      | Reached XP level 4. HP: 34/34 MP: 4/4
  1457 | D:3      | Killed Terence
  1497 | D:3      | Found a faded altar to an unknown god.
  1565 | D:3      | Found a shimmering altar of Xom.
  1582 | D:3      | Gained mutation: You are partially covered in molten scales (AC +1). [demonic ancestry]
  1582 | D:3      | Reached XP level 5. HP: 37/41 MP: 5/5
  1594 | D:3      | Reached skill level 4 in Axes
  1667 | D:3      | Noticed Sigmund
  1952 | D:4      | Reached XP level 6. HP: 44/48 MP: 6/6
  1987 | D:4      | Found a burning altar of Makhleb.
  2076 | D:4      | Noticed an ogre
  2139 | D:4      | Found a sand-covered staircase.
  2147 | Ossuary  | Entered an ossuary
  2242 | Ossuary  | Reached skill level 5 in Axes
  2242 | Ossuary  | Gained mutation: A weak demonic guardian rushes to your aid. [demonic ancestry]
  2242 | Ossuary  | Reached XP level 7. HP: 50/55 MP: 7/7
  2529 | D:4      | Found an opulent altar of Gozag.
  2684 | D:4      | Gained mutation: You evolve. [potion of beneficial mutation]
  2791 | D:4      | Killed an ogre
  2869 | D:5      | Entered Level 5 of the Dungeon
  2941 | D:5      | Slain by an orc warrior

Action                   |  1- 3 |  4- 6 |  7- 9 || total
-------------------------+-------+-------+-------++-------
Melee: War axe           |    52 |    85 |    33 ||   170
  Use: Scroll            |     3 |     2 |     8 ||    13
       Potion            |       |     1 |     2 ||     3
 Stab: Sleeping          |     2 |       |       ||     2
  Eat: Chunk             |     1 |       |       ||     1
       Meat ration       |       |     1 |       ||     1
